Oilers vs Devils

Created - 14 décembre 2018 at 09:28

Goals
1 2 3 T
Oilers 2 1 1 4
Devils 3 2 0 5
Shots
1 2 3 T
Oilers 5 7 5 17
Devils 11 13 19 43

1st period

1. Devils , Dustin Brown 14 (Justin Schultz 16, Kevin Hayes 11) at 2:41
2. Oilers , Reilly Smith 10 (Mark Pysyk 10, Aleksander Barkov 16) at 9:52
3. Devils , Kevin Hayes 13 (Shayne Gostisbehere 20) at 11:49
4. Devils , Sam Reinhart 9 (Shayne Gostisbehere 21, Anton Stralman 5) at 13:54
5. Oilers , Justin Braun 3 (Brad Marchand 17, Brent Burns 20) at 15:57 (PP)

Penalties :
Steven Santini (NJD) for Fighting (Major) at 1:36, Michael Matheson (EDM) for Fighting (Major) at 1:36, Anton Stralman (NJD) for Hooking (Minor) at 5:03, Dustin Brown (NJD) for Delaying the game (Minor) at 15:49, Nicklas Backstrom (NJD) for Roughing (Minor) at 17:00

2nd period

6. Devils , Jordan Staal 8 (Eric Fehr 6) at 1:50
7. Devils , Kevin Hayes 14 (Shayne Gostisbehere 22, Anton Stralman 6) at 4:18
8. Oilers , Pavel Buchnevich 2 (Matthew Nieto 3, Dominic Moore 2) at 9:24

Penalties :
Aleksander Barkov (EDM) for High sticking (Minor) at 17:58

3rd period

9. Oilers , Matthew Nieto 5 (Pavel Buchnevich 7, Marc Methot 5) at 5:38

Penalties :
Brad Marchand (EDM) for Hooking (Minor) at 7:58, Aleksander Barkov (EDM) for Tripping (Minor) at 13:04

Goalie Stats

Antti Raanta (EDM), 8 saves from 12 shots - (0.667), 21:50 minutes
Robin Lehner (EDM), 30 saves from 31 shots - (0.968), L, 6-8-1, 38:03 minutes
Marc-Andre Fleury (NJD), 13 saves from 17 shots - (0.765), W, 11-16-0, 60:00 minutes

Players Stats for Oilers

Player Name              G  A  P  +/- PIM S  H  SB GA TA FO     MP     PP MP  PK MP  
------------------------------------------------------------------------------------
Aleksander Barkov        0  1  1   0  4   0  0  1  0  0  17/33  19:22   1:19   0:00 
Andreas Athanasiou       0  0  0   0  0   1  0  0  0  0  0/0    12:18   0:42   0:13 
Brad Marchand            0  1  1   0  2   2  1  0  0  0  0/1    19:20   1:16   0:00 
Brent Burns              0  1  1  -1  0   1  2  3  0  0  0/0    25:43   1:19   4:43 
Dominic Moore            0  1  1   0  0   0  0  2  0  0  3/10   10:34   0:42   4:26 
Evgeny Dadonov           0  0  0  -2  0   2  0  0  0  0  0/0    16:26   2:05   0:12 
Jack Johnson             0  0  0  -4  0   0  1  1  0  0  0/0    19:50   2:05   1:05 
Justin Braun             1  0  1  -1  0   1  1  3  0  0  0/0    25:49   1:16   4:40 
Justin Williams          0  0  0   0  0   0  1  0  0  0  0/0    12:05   0:42   0:00 
Marc Methot              0  1  1   3  0   0  3  3  0  0  0/0    15:39   1:14   0:09 
Mark Pysyk               0  1  1   3  0   0  0  1  0  0  0/0    15:21   0:42   0:12 
Matthew Nieto            1  1  2   0  0   1  0  0  0  0  0/0     6:23   0:03   0:00 
Michael Matheson         0  0  0  -4  5   0  2  1  0  0  0/0    17:49   0:54   1:05 
Pavel Buchnevich         1  1  2   0  0   1  0  0  0  0  0/0     6:23   0:03   0:00 
Reilly Smith             1  0  1   0  0   3  2  0  0  0  1/2    19:21   1:16   0:00 
Riley Nash               0  0  0  -2  0   0  0  0  0  0  1/2    16:09   0:42   1:18 
Ryan Getzlaf             0  0  0  -2  0   2  4  0  0  0  6/19   21:03   2:05   4:49 
Ryan Johansen            0  0  0   0  0   3  1  0  0  0  11/19  14:24   2:05   0:56 

Players Stats for Devils

Player Name              G  A  P  +/- PIM S  H  SB GA TA FO     MP     PP MP  PK MP  
------------------------------------------------------------------------------------
Antoine Vermette         0  0  0   0  0   1  1  0  0  0  6/8     6:39   0:00   0:00 
Anton Stralman           0  2  2   2  2   3  2  0  0  0  0/0    25:14   3:34   1:11 
Bo Horvat                0  0  0   0  0   5  1  0  0  0  9/18   18:54   2:52   2:50 
Darren Helm              0  0  0   0  0   1  5  0  0  0  1/2    16:25   2:52   0:21 
Dustin Brown             1  0  1   2  2   4  3  0  0  0  0/0    22:21   3:05   0:55 
Eric Fehr                0  1  1   0  0   1  0  1  0  0  2/4    13:03   0:00   1:19 
Jordan Staal             1  0  1   0  0   3  0  0  0  0  6/12   13:38   0:00   1:54 
Justin Schultz           0  1  1   0  0   1  0  3  0  0  0/0    19:22   2:23   1:55 
Kevin Hayes              2  1  3   2  0   11 0  0  0  0  2/3    21:27   3:05   0:00 
Mike Cammalleri          0  0  0   0  0   0  1  0  0  0  0/0     6:39   0:00   0:00 
Nicklas Backstrom        0  0  0   2  2   5  1  0  0  0  19/35  22:19   3:05   0:53 
Pavel Zacha              0  0  0   0  0   1  0  0  0  0  1/1    11:44   0:00   0:00 
Ryan Pulock              0  0  0  -1  0   1  2  0  0  0  0/0    18:44   2:23   1:45 
Sam Reinhart             1  0  1   0  0   3  1  0  0  0  1/3    16:04   2:52   0:00 
Shayne Gostisbehere      0  3  3   2  0   3  2  0  0  0  0/0    25:15   3:34   2:21 
Steven Santini           0  0  0   0  5   0  2  0  0  0  0/0    15:05   0:00   0:00 
Tim Heed                 0  0  0   1  0   0  0  0  0  0  0/0    16:18   0:00   1:00 
Vinnie Hinostroza        0  0  0   0  0   0  0  0  0  0  0/0     6:39   0:00   0:00 

3 Stars

1 - Kevin Hayes (NJD)
2 - Shayne Gostisbehere (NJD)
3 - Marc Methot (EDM)

Power Play

Oilers - 1 on 3 Attempt(s) - 33.33%
Devils - 0 on 3 Attempt(s) - 0.00%

Penalty Kill

Oilers - 3 on 3 Attempt(s) - 100.00% - Score 0 goal in Penalty Kill
Devils - 2 on 3 Attempt(s) - 66.67% - Score 0 goal in Penalty Kill

Team Stat

Oilers - Hits : 18 - Faceoff Wins : 39 - Blocked Shots : 15 - Penalty Minutes : 11
Devils - Hits : 21 - Faceoff Wins : 47 - Blocked Shots : 4 - Penalty Minutes : 11

Official

Referees : Tom Chmielewski and Rob Martell
Linesman : Andy McElman and Shandor Alphonso

Game Notes

Steven Santini and Michael Matheson fight to a draw at 1:36 of 1st period
Robin Lehner enters game at 1:50 of 2nd period

Finance

Level 1 -- Attendance: 5757 (95.95%) -- Ticket Income 644 784 $
Level 2 -- Attendance: 4501 (90.02%) -- Ticket Income 364 581 $
Level 3 -- Attendance: 2000 (100.00%) -- Ticket Income 160 000 $
Level 4 -- Attendance: 3047 (84.06%) -- Ticket Income 45 705 $
Luxury Box -- Attendance: 964 (96.40%) -- Ticket Income 187 980 $
Game was played at the Prudential Center.
Total Attendance: 16269 (92.31%)
Total Ticket Income: 1 403 050 $
Other Income: 687 494 $
Total Income: 2 090 544 $

% Time on Ice - Oilers

Lines # - Real PCT - Wanted PCT - Time Play
Normal Forward
1 - 36% - 40% - 17:40
2 - 29% - 30% - 14:09
3 - 23% - 20% - 11:23
4 - 13% - 10% - 6:20
Normal Defense
1 - 37% - 40% - 18:29
2 - 33% - 30% - 16:28
3 - 27% - 20% - 13:11
4 - 3% - 10% - 1:24
PP Forward
1 - 49% - 60% - 2:01
2 - 51% - 40% - 2:05
PP Defense
1 - 31% - 60% - 1:16
2 - 69% - 40% - 2:50
PK Forward
1 - 84% - 60% - 5:01
2 - 16% - 40% - 0:56
PK Defense
1 - 82% - 60% - 4:52
2 - 18% - 40% - 1:05
PK3 Forward
1 - 0% - 60%
2 - 0% - 40%
PK3 Defense
1 - 0% - 60%
2 - 0% - 40%
44 Forward
1 - 0% - 60%
2 - 0% - 40%
44 Defense
1 - 0% - 60%
2 - 0% - 40%
Last Minute Offensive  - 0:25
Last Minute Defensive  - 0:00
Total
Forward - 60:00
Defense - 60:00

% Time on Ice - Devils

Lines # - Real PCT - Wanted PCT - Time Play
Normal Forward
1 - 36% - 40% - 17:43
2 - 27% - 30% - 13:12
3 - 24% - 20% - 11:44
4 - 13% - 10% - 6:39
Normal Defense
1 - 38% - 40% - 18:32
2 - 30% - 30% - 14:36
3 - 30% - 20% - 14:39
4 - 3% - 10% - 1:31
PP Forward
1 - 52% - 60% - 3:05
2 - 48% - 40% - 2:52
PP Defense
1 - 60% - 60% - 3:34
2 - 40% - 40% - 2:23
PK Forward
1 - 78% - 60% - 3:11
2 - 22% - 40% - 0:55
PK Defense
1 - 77% - 60% - 3:10
2 - 23% - 40% - 0:56
PK3 Forward
1 - 0% - 60%
2 - 0% - 40%
PK3 Defense
1 - 0% - 60%
2 - 0% - 40%
44 Forward
1 - 0% - 60%
2 - 0% - 40%
44 Defense
1 - 0% - 60%
2 - 0% - 40%
Last Minute Offensive  - 0:00
Last Minute Defensive  - 0:39
Total
Forward - 60:00
Defense - 60:00

Play-by-Play

1st period


0:01 of 1st period - Nicklas Backstrom wins face-off versus Aleksander Barkov in neutral zone.
0:31 of 1st period - Icing by Brad Marchand.
0:32 of 1st period - Aleksander Barkov wins face-off versus Sam Reinhart in Oilers zone.
0:37 of 1st period - Darren Helm is hit by Brad Marchand and loses puck.
1:03 of 1st period - Ryan Pulock is hit by Michael Matheson and loses puck.
1:11 of 1st period - Bo Horvat is hit by Jack Johnson and loses puck.
1:36 of 1st period - Steven Santini and Michael Matheson fight to a draw.
1:36 of 1st period - Penalty to Steven Santini for Fighting.
1:36 of 1st period - Penalty to Michael Matheson for Fighting.
1:37 of 1st period - Antoine Vermette wins face-off versus Ryan Johansen in neutral zone.
1:43 of 1st period - Mike Cammalleri is hit by Marc Methot.
1:56 of 1st period - Vinnie Hinostroza is hit by Marc Methot and loses puck.
2:23 of 1st period - Off-side.
2:24 of 1st period - Nicklas Backstrom wins face-off versus Dominic Moore in neutral zone.
2:41 of 1st period - Shot by Dustin Brown.
2:41 of 1st period - Goal by Dustin Brown - Oilers : 0 - Devils : 1.
2:42 of 1st period - Eric Fehr wins face-off versus Ryan Getzlaf in neutral zone.
2:49 of 1st period - Shot by Pavel Zacha.
2:49 of 1st period - Shot Misses the Net.
2:52 of 1st period - Icing by Ryan Getzlaf.
2:53 of 1st period - Ryan Getzlaf wins face-off versus Nicklas Backstrom in Oilers zone.
3:02 of 1st period - Shot by Kevin Hayes.
3:02 of 1st period - Stopped by Antti Raanta without a rebound.
3:03 of 1st period - Aleksander Barkov wins face-off versus Bo Horvat in Oilers zone.
3:03 of 1st period - Aleksander Barkov is hit by Darren Helm.
3:50 of 1st period - Icing by Brad Marchand.
3:51 of 1st period - Nicklas Backstrom wins face-off versus Aleksander Barkov in Oilers zone.
4:14 of 1st period - Shot by Dustin Brown.
4:14 of 1st period - Shot Misses the Net.
5:03 of 1st period - Minor Penalty to Anton Stralman for Hooking.
5:04 of 1st period - Nicklas Backstrom wins face-off versus Ryan Getzlaf in Devils zone.
5:04 of 1st period - Nicklas Backstrom is hit by Ryan Johansen.
5:34 of 1st period - Shot by Ryan Getzlaf.
5:34 of 1st period - Shot Misses the Net.
5:36 of 1st period - Shot by Jack Johnson.
5:36 of 1st period - Shot Blocked by Justin Schultz.
5:38 of 1st period - Shot by Ryan Johansen.
5:38 of 1st period - Shot Misses the Net.
7:09 of 1st period - Shot by Vinnie Hinostroza.
7:09 of 1st period - Shot Blocked by Brent Burns.
7:51 of 1st period - Shayne Gostisbehere is hit by Brent Burns and loses puck.
8:02 of 1st period - Anton Stralman is hit by Justin Williams and loses puck.
8:15 of 1st period - Shot by Ryan Johansen.
8:15 of 1st period - Stopped by Marc-Andre Fleury without a rebound.
8:16 of 1st period - Nicklas Backstrom wins face-off versus Ryan Getzlaf in Devils zone.
8:40 of 1st period - Ryan Getzlaf is hit by Ryan Pulock and loses puck.
9:24 of 1st period - Icing by Steven Santini.
9:25 of 1st period - Jordan Staal wins face-off versus Brad Marchand in Devils zone.
9:32 of 1st period - Shot by Pavel Zacha.
9:32 of 1st period - Shot Misses the Net.
9:44 of 1st period - Shot by Aleksander Barkov.
9:44 of 1st period - Shot Blocked by Eric Fehr.
9:46 of 1st period - Shot by Mark Pysyk.
9:46 of 1st period - Shot Misses the Net.
9:52 of 1st period - Shot by Reilly Smith.
9:52 of 1st period - Goal by Reilly Smith - Oilers : 1 - Devils : 1.
9:53 of 1st period - Darren Helm wins face-off versus Ryan Johansen in neutral zone.
10:26 of 1st period - Darren Helm is hit by Justin Braun and loses puck.
10:36 of 1st period - Icing by Brent Burns.
10:37 of 1st period - Ryan Johansen wins face-off versus Kevin Hayes in Oilers zone.
10:37 of 1st period - Ryan Johansen is hit by Dustin Brown.
11:03 of 1st period - Shot by Dustin Brown.
11:03 of 1st period - Shot Blocked by Marc Methot.
11:05 of 1st period - Shot by Kevin Hayes.
11:05 of 1st period - Stopped by Antti Raanta without a rebound.
11:06 of 1st period - Ryan Getzlaf wins face-off versus Jordan Staal in Oilers zone.
11:39 of 1st period - Icing by Michael Matheson.
11:40 of 1st period - Ryan Getzlaf wins face-off versus Nicklas Backstrom in Oilers zone.
11:49 of 1st period - Shot by Kevin Hayes.
11:49 of 1st period - Goal by Kevin Hayes - Oilers : 1 - Devils : 2.
11:50 of 1st period - Bo Horvat wins face-off versus Aleksander Barkov in neutral zone.
12:16 of 1st period - Shot by Sam Reinhart.
12:16 of 1st period - Stopped by Antti Raanta without a rebound.
12:17 of 1st period - Ryan Johansen wins face-off versus Nicklas Backstrom in Oilers zone.
12:28 of 1st period - Shot by Ryan Johansen.
12:28 of 1st period - Stopped by Marc-Andre Fleury with a rebound.
12:30 of 1st period - Shot by Andreas Athanasiou.
12:30 of 1st period - Deflect By Ryan Johansen.
12:30 of 1st period - Shot Blocked by Justin Schultz.
12:40 of 1st period - Shot by Ryan Johansen.
12:40 of 1st period - Shot Blocked by Justin Schultz.
13:12 of 1st period - Shot by Evgeny Dadonov.
13:12 of 1st period - Stopped by Marc-Andre Fleury without a rebound.
13:13 of 1st period - Aleksander Barkov wins face-off versus Darren Helm in Devils zone.
13:17 of 1st period - Reilly Smith is hit by Shayne Gostisbehere and loses puck.
13:54 of 1st period - Shot by Sam Reinhart.
13:54 of 1st period - Goal by Sam Reinhart - Oilers : 1 - Devils : 3.
13:55 of 1st period - Jordan Staal wins face-off versus Ryan Getzlaf in neutral zone.
15:10 of 1st period - Off-side.
15:11 of 1st period - Nicklas Backstrom wins face-off versus Aleksander Barkov in neutral zone.
15:11 of 1st period - Shayne Gostisbehere is hit by Reilly Smith and loses puck.
15:17 of 1st period - Icing by Shayne Gostisbehere.
15:18 of 1st period - Aleksander Barkov wins face-off versus Nicklas Backstrom in Devils zone.
15:19 of 1st period - Shot by Brad Marchand.
15:19 of 1st period - Shot Misses the Net.
15:33 of 1st period - Shot by Dustin Brown.
15:33 of 1st period - Stopped by Antti Raanta with a rebound.
15:35 of 1st period - Shot by Nicklas Backstrom.
15:35 of 1st period - Stopped by Antti Raanta without a rebound.
15:36 of 1st period - Bo Horvat wins face-off versus Ryan Getzlaf in Oilers zone.
15:39 of 1st period - Shot by Darren Helm.
15:39 of 1st period - Stopped by Antti Raanta without a rebound.
15:40 of 1st period - Nicklas Backstrom wins face-off versus Aleksander Barkov in Oilers zone.
15:48 of 1st period - Icing by Brent Burns.
15:49 of 1st period - Aleksander Barkov wins face-off versus Nicklas Backstrom in Oilers zone.
15:49 of 1st period - Minor Penalty to Dustin Brown for Delaying the game.
15:50 of 1st period - Aleksander Barkov wins face-off versus Nicklas Backstrom in Devils zone.
15:57 of 1st period - Shot by Justin Braun.
15:57 of 1st period - Goal by Justin Braun - Oilers : 2 - Devils : 3.
15:58 of 1st period - Nicklas Backstrom wins face-off versus Ryan Getzlaf in neutral zone.
16:20 of 1st period - Shot by Nicklas Backstrom.
16:20 of 1st period - Shot Misses the Net.
16:26 of 1st period - Shot by Dustin Brown.
16:26 of 1st period - Shot Blocked by Justin Braun.
16:28 of 1st period - Shot by Kevin Hayes.
16:28 of 1st period - Stopped by Antti Raanta without a rebound.
16:29 of 1st period - Aleksander Barkov wins face-off versus Bo Horvat in Oilers zone.
16:29 of 1st period - Aleksander Barkov is hit by Darren Helm.
16:32 of 1st period - Michael Matheson is hit by Darren Helm and loses puck.
16:41 of 1st period - Shot by Aleksander Barkov.
16:41 of 1st period - Shot Misses the Net.
16:46 of 1st period - Icing by Ryan Pulock.
16:47 of 1st period - Bo Horvat wins face-off versus Ryan Johansen in Devils zone.
16:53 of 1st period - Shot by Ryan Pulock.
16:53 of 1st period - Stopped by Antti Raanta without a rebound.
16:54 of 1st period - Nicklas Backstrom wins face-off versus Reilly Smith in Oilers zone.
16:58 of 1st period - Icing by Brent Burns.
16:59 of 1st period - Aleksander Barkov wins face-off versus Nicklas Backstrom in Oilers zone.
16:59 of 1st period - Brent Burns is hit by Nicklas Backstrom and loses puck.
17:00 of 1st period - Minor Penalty to Nicklas Backstrom for Roughing.
17:01 of 1st period - Eric Fehr wins face-off versus Aleksander Barkov in Devils zone.
17:17 of 1st period - Icing by Justin Braun.
17:18 of 1st period - Aleksander Barkov wins face-off versus Eric Fehr in Oilers zone.
17:38 of 1st period - Icing by Aleksander Barkov.
17:39 of 1st period - Reilly Smith wins face-off versus Jordan Staal in Oilers zone.
17:54 of 1st period - Off-side.
17:55 of 1st period - Ryan Getzlaf wins face-off versus Eric Fehr in neutral zone.
19:35 of 1st period - Shot by Kevin Hayes.
19:35 of 1st period - Shot Blocked by Dominic Moore.
Goals for this period are 2 for Oilers vs 3 for Devils.
Shots for this period are 5 for Oilers vs 11 for Devils.

2nd period


0:01 of 2nd period - Aleksander Barkov wins face-off versus Nicklas Backstrom in neutral zone.
0:11 of 2nd period - Brad Marchand is hit by Anton Stralman and loses puck.
1:15 of 2nd period - Shot by Bo Horvat.
1:15 of 2nd period - Shot Misses the Net.
1:50 of 2nd period - Shot by Jordan Staal.
1:50 of 2nd period - Goal by Jordan Staal - Oilers : 2 - Devils : 4.
1:50 of 2nd period - Robin Lehner enters game.
1:51 of 2nd period - Ryan Johansen wins face-off versus Antoine Vermette in neutral zone.
1:55 of 2nd period - Andreas Athanasiou is hit by Steven Santini and loses puck.
1:58 of 2nd period - Shot by Andreas Athanasiou.
1:58 of 2nd period - Stopped by Marc-Andre Fleury without a rebound.
1:59 of 2nd period - Jordan Staal wins face-off versus Ryan Johansen in Devils zone.
2:58 of 2nd period - Shot by Brad Marchand.
2:58 of 2nd period - Stopped by Marc-Andre Fleury with a rebound.
3:57 of 2nd period - Shot by Nicklas Backstrom.
3:57 of 2nd period - Stopped by Robin Lehner without a rebound.
3:58 of 2nd period - Bo Horvat wins face-off versus Dominic Moore in Oilers zone.
3:59 of 2nd period - Shot by Sam Reinhart.
3:59 of 2nd period - Shot Blocked by Michael Matheson.
4:01 of 2nd period - Shot by Bo Horvat.
4:01 of 2nd period - Shot Misses the Net.
4:12 of 2nd period - Icing by Jack Johnson.
4:13 of 2nd period - Nicklas Backstrom wins face-off versus Dominic Moore in Oilers zone.
4:18 of 2nd period - Shot by Kevin Hayes.
4:18 of 2nd period - Goal by Kevin Hayes - Oilers : 2 - Devils : 5.
4:19 of 2nd period - Nicklas Backstrom wins face-off versus Ryan Getzlaf in neutral zone.
5:01 of 2nd period - Shot by Evgeny Dadonov.
5:01 of 2nd period - Stopped by Marc-Andre Fleury without a rebound.
5:02 of 2nd period - Aleksander Barkov wins face-off versus Bo Horvat in Devils zone.
5:13 of 2nd period - Icing by Jack Johnson.
5:14 of 2nd period - Antoine Vermette wins face-off versus Aleksander Barkov in Oilers zone.
5:25 of 2nd period - Shot by Vinnie Hinostroza.
5:25 of 2nd period - Shot Misses the Net.
5:38 of 2nd period - Aleksander Barkov is hit by Ryan Pulock and loses puck.
6:12 of 2nd period - Brent Burns is hit by Antoine Vermette and loses puck.
6:27 of 2nd period - Shot by Ryan Johansen.
6:27 of 2nd period - Shot Misses the Net.
6:37 of 2nd period - Shot by Brent Burns.
6:37 of 2nd period - Shot Misses the Net.
6:43 of 2nd period - Shot by Ryan Johansen.
6:43 of 2nd period - Stopped by Marc-Andre Fleury without a rebound.
6:44 of 2nd period - Ryan Getzlaf wins face-off versus Bo Horvat in Devils zone.
6:44 of 2nd period - Ryan Getzlaf is hit by Shayne Gostisbehere.
7:08 of 2nd period - Shot by Bo Horvat.
7:08 of 2nd period - Shot Misses the Net.
7:10 of 2nd period - Shot by Anton Stralman.
7:10 of 2nd period - Stopped by Robin Lehner with a rebound.
7:12 of 2nd period - Shot by Darren Helm.
7:12 of 2nd period - Shot Misses the Net.
7:14 of 2nd period - Shot by Bo Horvat.
7:14 of 2nd period - Shot Misses the Net.
7:38 of 2nd period - Shot by Nicklas Backstrom.
7:38 of 2nd period - Stopped by Robin Lehner without a rebound.
7:39 of 2nd period - Jordan Staal wins face-off versus Aleksander Barkov in Oilers zone.
8:17 of 2nd period - Shot by Brad Marchand.
8:17 of 2nd period - Deflect By Reilly Smith.
8:17 of 2nd period - Stopped by Marc-Andre Fleury with a rebound.
8:19 of 2nd period - Shot by Brent Burns.
8:19 of 2nd period - Shot Misses the Net.
9:24 of 2nd period - Shot by Pavel Buchnevich.
9:24 of 2nd period - Goal by Pavel Buchnevich - Oilers : 3 - Devils : 5.
9:25 of 2nd period - Ryan Getzlaf wins face-off versus Bo Horvat in neutral zone.
9:34 of 2nd period - Shot by Ryan Getzlaf.
9:34 of 2nd period - Shot Misses the Net.
9:52 of 2nd period - Shot by Ryan Getzlaf.
9:52 of 2nd period - Stopped by Marc-Andre Fleury without a rebound.
9:53 of 2nd period - Antoine Vermette wins face-off versus Aleksander Barkov in Devils zone.
10:07 of 2nd period - Off-side.
10:08 of 2nd period - Ryan Johansen wins face-off versus Nicklas Backstrom in neutral zone.
10:17 of 2nd period - Shot by Andreas Athanasiou.
10:17 of 2nd period - Shot Misses the Net.
10:27 of 2nd period - Shot by Michael Matheson.
10:27 of 2nd period - Shot Misses the Net.
10:31 of 2nd period - Shot by Andreas Athanasiou.
10:31 of 2nd period - Shot Misses the Net.
10:33 of 2nd period - Shot by Ryan Johansen.
10:33 of 2nd period - Shot Misses the Net.
10:54 of 2nd period - Icing by Shayne Gostisbehere.
10:55 of 2nd period - Nicklas Backstrom wins face-off versus Aleksander Barkov in Devils zone.
11:24 of 2nd period - Shot by Darren Helm.
11:24 of 2nd period - Shot Blocked by Aleksander Barkov.
11:26 of 2nd period - Shot by Bo Horvat.
11:26 of 2nd period - Shot Misses the Net.
11:28 of 2nd period - Shot by Bo Horvat.
11:28 of 2nd period - Stopped by Robin Lehner without a rebound.
11:29 of 2nd period - Jordan Staal wins face-off versus Ryan Getzlaf in Oilers zone.
12:05 of 2nd period - Shot by Pavel Zacha.
12:05 of 2nd period - Shot Misses the Net.
12:07 of 2nd period - Shot by Eric Fehr.
12:07 of 2nd period - Stopped by Robin Lehner without a rebound.
12:08 of 2nd period - Aleksander Barkov wins face-off versus Sam Reinhart in Oilers zone.
12:08 of 2nd period - Aleksander Barkov is hit by Darren Helm.
13:00 of 2nd period - Justin Williams is hit by Darren Helm and loses puck.
13:39 of 2nd period - Shot by Dustin Brown.
13:39 of 2nd period - Stopped by Robin Lehner without a rebound.
13:40 of 2nd period - Antoine Vermette wins face-off versus Ryan Getzlaf in Oilers zone.
14:00 of 2nd period - Icing by Ryan Getzlaf.
14:01 of 2nd period - Riley Nash wins face-off versus Jordan Staal in Oilers zone.
15:25 of 2nd period - Shot by Dustin Brown.
15:25 of 2nd period - Shot Blocked by Justin Braun.
15:42 of 2nd period - Icing by Bo Horvat.
15:43 of 2nd period - Bo Horvat wins face-off versus Ryan Johansen in Devils zone.
16:26 of 2nd period - Icing by Michael Matheson.
16:27 of 2nd period - Antoine Vermette wins face-off versus Ryan Johansen in Oilers zone.
17:00 of 2nd period - Icing by Ryan Johansen.
17:01 of 2nd period - Nicklas Backstrom wins face-off versus Ryan Johansen in Oilers zone.
17:25 of 2nd period - Shot by Nicklas Backstrom.
17:25 of 2nd period - Stopped by Robin Lehner with a rebound.
17:58 of 2nd period - Minor Penalty to Aleksander Barkov for High sticking.
17:59 of 2nd period - Bo Horvat wins face-off versus Dominic Moore in Oilers zone.
18:35 of 2nd period - Shot by Bo Horvat.
18:35 of 2nd period - Shot Misses the Net.
18:48 of 2nd period - Icing by Justin Schultz.
18:49 of 2nd period - Nicklas Backstrom wins face-off versus Riley Nash in Devils zone.
19:16 of 2nd period - Shot by Kevin Hayes.
19:16 of 2nd period - Stopped by Robin Lehner without a rebound.
19:17 of 2nd period - Bo Horvat wins face-off versus Dominic Moore in Oilers zone.
19:24 of 2nd period - Shot by Bo Horvat.
19:24 of 2nd period - Stopped by Robin Lehner without a rebound.
19:25 of 2nd period - Nicklas Backstrom wins face-off versus Dominic Moore in Oilers zone.
19:26 of 2nd period - Shot by Kevin Hayes.
19:26 of 2nd period - Shot Misses the Net.
19:28 of 2nd period - Shot by Kevin Hayes.
19:28 of 2nd period - Shot Blocked by Brent Burns.
19:30 of 2nd period - Shot by Dustin Brown.
19:30 of 2nd period - Stopped by Robin Lehner with a rebound.
19:32 of 2nd period - Shot by Shayne Gostisbehere.
19:32 of 2nd period - Stopped by Robin Lehner with a rebound.
Goals for this period are 1 for Oilers vs 2 for Devils.
Shots for this period are 7 for Oilers vs 13 for Devils.

3rd period


0:01 of 3rd period - Aleksander Barkov wins face-off versus Nicklas Backstrom in neutral zone.
0:01 of 3rd period - Brad Marchand is hit by Dustin Brown and loses puck.
1:18 of 3rd period - Shot by Sam Reinhart.
1:18 of 3rd period - Stopped by Robin Lehner with a rebound.
1:48 of 3rd period - Shot by Jordan Staal.
1:48 of 3rd period - Stopped by Robin Lehner without a rebound.
1:49 of 3rd period - Antoine Vermette wins face-off versus Dominic Moore in Oilers zone.
2:53 of 3rd period - Icing by Brent Burns.
2:54 of 3rd period - Ryan Johansen wins face-off versus Bo Horvat in Oilers zone.
3:03 of 3rd period - Shot by Brent Burns.
3:03 of 3rd period - Stopped by Marc-Andre Fleury without a rebound.
3:04 of 3rd period - Nicklas Backstrom wins face-off versus Aleksander Barkov in Devils zone.
3:15 of 3rd period - Shot by Reilly Smith.
3:15 of 3rd period - Stopped by Marc-Andre Fleury without a rebound.
3:16 of 3rd period - Bo Horvat wins face-off versus Ryan Getzlaf in Devils zone.
3:23 of 3rd period - Shot by Evgeny Dadonov.
3:23 of 3rd period - Deflect By Ryan Getzlaf.
3:23 of 3rd period - Stopped by Marc-Andre Fleury with a rebound.
3:33 of 3rd period - Marc Methot is hit by Sam Reinhart and loses puck.
3:40 of 3rd period - Shot by Bo Horvat.
3:40 of 3rd period - Stopped by Robin Lehner with a rebound.
3:42 of 3rd period - Shot by Darren Helm.
3:42 of 3rd period - Deflect By Bo Horvat.
3:42 of 3rd period - Stopped by Robin Lehner without a rebound.
3:43 of 3rd period - Nicklas Backstrom wins face-off versus Aleksander Barkov in Oilers zone.
4:28 of 3rd period - Icing by Anton Stralman.
4:29 of 3rd period - Kevin Hayes wins face-off versus Ryan Getzlaf in Devils zone.
4:29 of 3rd period - Shayne Gostisbehere is hit by Ryan Getzlaf and loses puck.
4:55 of 3rd period - Sam Reinhart is hit by Ryan Getzlaf.
4:58 of 3rd period - Justin Schultz is hit by Ryan Getzlaf and loses puck.
5:03 of 3rd period - Bo Horvat is hit by Ryan Getzlaf and loses puck.
5:38 of 3rd period - Shot by Matthew Nieto.
5:38 of 3rd period - Goal by Matthew Nieto - Oilers : 4 - Devils : 5.
5:39 of 3rd period - Aleksander Barkov wins face-off versus Jordan Staal in neutral zone.
5:42 of 3rd period - Tim Heed is hit by Reilly Smith and loses puck.
7:21 of 3rd period - Icing by Justin Schultz.
7:22 of 3rd period - Nicklas Backstrom wins face-off versus Ryan Getzlaf in Devils zone.
7:39 of 3rd period - Shot by Justin Schultz.
7:39 of 3rd period - Shot Misses the Net.
7:41 of 3rd period - Shot by Kevin Hayes.
7:41 of 3rd period - Stopped by Robin Lehner with a rebound.
7:45 of 3rd period - Shot by Kevin Hayes.
7:45 of 3rd period - Stopped by Robin Lehner without a rebound.
7:46 of 3rd period - Aleksander Barkov wins face-off versus Bo Horvat in Oilers zone.
7:58 of 3rd period - Minor Penalty to Brad Marchand for Hooking.
7:59 of 3rd period - Dominic Moore wins face-off versus Bo Horvat in Oilers zone.
8:30 of 3rd period - Shot by Darren Helm.
8:30 of 3rd period - Shot Blocked by Brent Burns.
8:32 of 3rd period - Shot by Shayne Gostisbehere.
8:32 of 3rd period - Stopped by Robin Lehner with a rebound.
9:11 of 3rd period - Kevin Hayes is hit by Brent Burns and loses puck.
9:44 of 3rd period - Shot by Bo Horvat.
9:44 of 3rd period - Shot Misses the Net.
9:46 of 3rd period - Shot by Sam Reinhart.
9:46 of 3rd period - Shot Misses the Net.
9:48 of 3rd period - Shot by Bo Horvat.
9:48 of 3rd period - Shot Misses the Net.
9:50 of 3rd period - Shot by Anton Stralman.
9:50 of 3rd period - Stopped by Robin Lehner without a rebound.
9:51 of 3rd period - Ryan Johansen wins face-off versus Nicklas Backstrom in Oilers zone.
9:51 of 3rd period - Ryan Johansen is hit by Dustin Brown.
10:09 of 3rd period - Shot by Eric Fehr.
10:09 of 3rd period - Deflect By Jordan Staal.
10:09 of 3rd period - Stopped by Robin Lehner without a rebound.
10:10 of 3rd period - Ryan Johansen wins face-off versus Antoine Vermette in Oilers zone.
10:14 of 3rd period - Michael Matheson is hit by Steven Santini and loses puck.
10:26 of 3rd period - Icing by Jack Johnson.
10:27 of 3rd period - Pavel Zacha wins face-off versus Ryan Johansen in Oilers zone.
10:49 of 3rd period - Jordan Staal is hit by Michael Matheson and loses puck.
10:52 of 3rd period - Shot by Pavel Zacha.
10:52 of 3rd period - Stopped by Robin Lehner with a rebound.
10:54 of 3rd period - Shot by Anton Stralman.
10:54 of 3rd period - Stopped by Robin Lehner without a rebound.
10:55 of 3rd period - Nicklas Backstrom wins face-off versus Aleksander Barkov in Oilers zone.
11:05 of 3rd period - Kevin Hayes is hit by Marc Methot and loses puck.
11:16 of 3rd period - Shot by Justin Schultz.
11:16 of 3rd period - Stopped by Robin Lehner with a rebound.
11:24 of 3rd period - Shot by Nicklas Backstrom.
11:24 of 3rd period - Stopped by Robin Lehner without a rebound.
11:25 of 3rd period - Bo Horvat wins face-off versus Ryan Getzlaf in Oilers zone.
11:26 of 3rd period - Shot by Sam Reinhart.
11:26 of 3rd period - Shot Blocked by Jack Johnson.
11:57 of 3rd period - Icing by Darren Helm.
11:58 of 3rd period - Sam Reinhart wins face-off versus Aleksander Barkov in Devils zone.
12:13 of 3rd period - Shot by Brad Marchand.
12:13 of 3rd period - Stopped by Marc-Andre Fleury without a rebound.
12:14 of 3rd period - Ryan Johansen wins face-off versus Nicklas Backstrom in Devils zone.
12:31 of 3rd period - Shot by Justin Schultz.
12:31 of 3rd period - Shot Blocked by Marc Methot.
12:33 of 3rd period - Shot by Kevin Hayes.
12:33 of 3rd period - Stopped by Robin Lehner with a rebound.
12:35 of 3rd period - Shot by Dustin Brown.
12:35 of 3rd period - Shot Misses the Net.
12:37 of 3rd period - Shot by Kevin Hayes.
12:37 of 3rd period - Stopped by Robin Lehner without a rebound.
12:38 of 3rd period - Aleksander Barkov wins face-off versus Jordan Staal in Oilers zone.
12:51 of 3rd period - Shot by Aleksander Barkov.
12:51 of 3rd period - Shot Misses the Net.
13:04 of 3rd period - Minor Penalty to Aleksander Barkov for Tripping.
13:05 of 3rd period - Dominic Moore wins face-off versus Nicklas Backstrom in Oilers zone.
13:45 of 3rd period - Shot by Nicklas Backstrom.
13:45 of 3rd period - Shot Blocked by Dominic Moore.
13:47 of 3rd period - Shot by Kevin Hayes.
13:47 of 3rd period - Shot Blocked by Justin Braun.
14:23 of 3rd period - Off-side.
14:24 of 3rd period - Ryan Johansen wins face-off versus Nicklas Backstrom in neutral zone.
14:40 of 3rd period - Shot by Shayne Gostisbehere.
14:40 of 3rd period - Stopped by Robin Lehner without a rebound.
14:41 of 3rd period - Ryan Johansen wins face-off versus Bo Horvat in Oilers zone.
14:41 of 3rd period - Ryan Johansen is hit by Bo Horvat.
15:03 of 3rd period - Shot by Bo Horvat.
15:03 of 3rd period - Stopped by Robin Lehner without a rebound.
15:04 of 3rd period - Jordan Staal wins face-off versus Aleksander Barkov in Oilers zone.
15:05 of 3rd period - Shot by Tim Heed.
15:05 of 3rd period - Shot Blocked by Mark Pysyk.
15:15 of 3rd period - Shot by Pavel Zacha.
15:15 of 3rd period - Shot Misses the Net.
16:06 of 3rd period - Icing by Anton Stralman.
16:07 of 3rd period - Ryan Johansen wins face-off versus Nicklas Backstrom in Devils zone.
17:33 of 3rd period - Shot by Bo Horvat.
17:33 of 3rd period - Shot Misses the Net.
18:17 of 3rd period - Mark Pysyk is hit by Mike Cammalleri and loses puck.
18:26 of 3rd period - Shot by Mike Cammalleri.
18:26 of 3rd period - Shot Blocked by Marc Methot.
18:28 of 3rd period - Shot by Antoine Vermette.
18:28 of 3rd period - Stopped by Robin Lehner without a rebound.
18:29 of 3rd period - Dominic Moore wins face-off versus Jordan Staal in Oilers zone.
19:07 of 3rd period - Pavel Buchnevich is hit by Anton Stralman and loses puck.
19:34 of 3rd period - Shot by Kevin Hayes.
19:34 of 3rd period - Stopped by Robin Lehner without a rebound.
19:35 of 3rd period - Aleksander Barkov wins face-off versus Nicklas Backstrom in Oilers zone.
19:37 of 3rd period - Icing by Brad Marchand.
19:38 of 3rd period - Kevin Hayes wins face-off versus Aleksander Barkov in Oilers zone.
19:53 of 3rd period - Oilers, Robin Lehner is pulled from the net.
19:59 of 3rd period - Shot by Brad Marchand.
19:59 of 3rd period - Shot Misses the Net.
Goals for this period are 1 for Oilers vs 0 for Devils.
Shots for this period are 5 for Oilers vs 19 for Devils.